 Dungeon Crawl Stone Soup version 0.32-a0-42-ga30500b4d3 (console) character file.

Game seed: 7685257296004007259

91 petzl the Sneak (level 4, -2/35 HPs)
             Began as a Formicid Delver on Jan 27, 2024.
             Was an Initiate of Vehumet.
             Slain by an orc
             ... wielding a +0 war axe
              (5 damage)
             ... on level 6 of the Dungeon.
             The game lasted 00:07:26 (1861 turns).

petzl the Sneak (Formicid Delver)                   Turns: 1861, Time: 00:07:26

Health: -2/35      AC:  3    Str: 17    XL:     4   Next: 87%
Magic:  7/7        EV: 12    Int: 11    God:    Vehumet [......]
Gold:   96         SH:  0    Dex: 15    Spells: 8/8 levels left

rFire   . . .        a - +0 short sword (venom)
rCold   . . .        (no shield)
rNeg    . . .        j - +0 leather armour
rPois   .            (helmet unavailable)
rElec   .            (no cloak)
rCorr   .            (no gloves)
SInv    +            (no boots)
Will    .....        (no amulet)
Stlth   +++          (no ring)
HPRegen 0.25/turn    (no ring)
MPRegen 0.10/turn

%: no passive effects
@: attractive
A: permanent stasis, dig shafts and tunnels, antennae 3, four strong arms
a: Dig, Shaft Self, Renounce Religion


You were on level 6 of the Dungeon.
You worshipped Vehumet.
Vehumet was noncommittal.
You visited 1 branch of the dungeon, and saw 7 of its levels.

You collected 96 gold pieces.

Inventory:

Hand Weapons
 a - a +0 short sword of venom (weapon)
 b - a +0 sling
 e - a +0 mace
Armour
 j - a +0 leather armour (worn)
Wands
 f - a wand of digging (3)
Scrolls
 c - a scroll of fog
 d - 2 scrolls of revelation
 g - 3 scrolls of identify {unknown}
 i - 3 scrolls of teleportation {unknown}
 l - a scroll of poison {unknown}
Potions
 h - a potion of invisibility {unknown}
 k - a potion of attraction
 m - a potion of haste
 n - a potion of lignification {unknown}


   Skills:
 - Level 3.2 Fighting
 + Level 1.4 Short Blades
 - Level 2.0 Maces & Flails
 + Level 2.2 Ranged Weapons
 - Level 1.7 Dodging
 - Level 6.0 Stealth
 + Level 2.6 Spellcasting


You had 8 spell levels left.
You didn't know any spells.
Your spell library contained the following spells:

 Spells                   Type           Power      Damage    Failure   Level
 Dazzling Flash           Conj/Hex       2%         N/A       71%         3
 Volatile Blastmotes      Fire/Tloc      2%         2d10      71%         3
 Starburst                Conj/Fire      0%         6d3       100%        6
 Maxwell's Capacitive Co  Air            0%         ∞         100%        8


Dungeon Overview and Level Annotations

Branches:
Dungeon (7/15)
 Temple: D:4-7

Altars:
Hepliaklqana
Trog
Vehumet
Xom
Yredelemnul

Annotations:
D:1 exclusion: downstairs
D:2 Sigmund
D:3 exclusions: downstairs and upstairs
D:4 exclusion: 3 sensed monsters (detected)


Innate Abilities, Weirdness & Mutations

You cannot be hasted, slowed, berserked, paralysed or teleported.
You can dig through walls and to a lower floor.
You have a pair of large antennae on your head. (SInv)
Your four strong arms can wield two-handed weapons with a shield.


Message History

The orc priest is poisoned.
The orc priest is moderately wounded.
The orc priest casts a cantrip, but nothing happens.
You closely miss the orc priest.
The orc priest is moderately wounded.
The orc priest completely misses you.
You hit the orc priest but do no damage.
The orc priest looks as sick as possible!
The orc priest is heavily wounded.
You hit the orc priest.
The orc priest looks as sick as possible!
The orc priest is severely wounded.
The orc closely misses you.
The orc priest calls down the wrath of Beogh upon you.
Beogh smites you!
You closely miss the orc priest.
The orc priest is severely wounded.
The orc closely misses you. The orc priest hits you with a +0 club.
You closely miss the orc.
You kill the orc priest!
Vehumet accepts your kill. The orc misses you.
You hit the orc but do no damage.
The orc is poisoned.
The orc hits you with a +0 war axe.
* * * LOW HITPOINT WARNING * * *
The orc attacks as it pursues you! The orc hits you with a +0 war axe.
* * * LOW HITPOINT WARNING * * *
Okay, then.
Okay, then.
Okay, then.
Unknown command.
Okay, then.
Unknown command.
It was a potion of haste.
Your stasis prevents you from being hasted.
The orc hits you but does no damage.
It was a potion of attraction.
You feel attractive to monsters. The orc hits you with a +0 war axe.
You die...

#......# #..o[..#
#......# #..?...#
#......###
#.........
#......# #......#
##...### ###
#)†.# #.. #o..#
#.> #@⌠.# .#
#{..#...# ..#
#####+#+#'#+#+#+#
#...+...........+
#.>.#.8.......8.#
..+...........+
#+#'#+#+#+#+#
#...#{).# ..#
#.>.#.⌠.# .#
#...#...#
#####...#
#...#### #......#
##.....#
#..........
#.....#....
#..........
######..... .....


You could see an orc (very poisoned).

Vanquished Creatures
  An orc priest (D:6)
  3 adders
  A dart slug (D:1)
  An orc (D:6)
  3 ball pythons
  2 bats (D:2)
  4 endoplasms (D:1)
  3 giant cockroaches
  4 hobgoblins
  2 goblins
  4 kobolds
  4 rats
32 creatures vanquished.

Notes
Turn   | Place    | Note
-------+----------+-------------------------------------------
     0 | D:5      | petzl the Formicid Delver began the quest for the Orb.
     0 | D:5      | Reached XP level 1. HP: 18/18 MP: 1/1
    70 | D:3      | Found a bloodstained altar of Trog.
    70 | D:3      | Found a radiant altar of Vehumet.
    70 | D:3      | Found a shimmering altar of Xom.
    70 | D:3      | Found a basalt altar of Yredelemnul.
    83 | D:3      | Became a worshipper of Vehumet
    96 | D:3      | Found a hazy altar of Hepliaklqana.
   165 | D:4      | Noticed an orc priest
   246 | D:2      | Noticed Sigmund
   316 | D:1      | Reached skill level 1 in Spellcasting
   334 | D:1      | Reached XP level 2. HP: 22/23 MP: 3/3
   602 | D:1      | Reached skill level 1 in Ranged Weapons
   777 | D:1      | Reached XP level 3. HP: 28/29 MP: 5/5
   991 | D:1      | Found a faded altar of an unknown god.
  1603 | D:3      | You fall into a shaft and drop 3 floors!
  1777 | D:6      | Reached XP level 4. HP: 35/35 MP: 7/7
  1783 | D:6      | Noticed a black bear
  1809 | D:6      | Reached skill level 1 in Short Blades
  1861 | D:6      | Slain by an orc

Illustrated notes

Levels and vault maps discovered:
D:1:      kennysheep_arrival_seaside, layout_basic,
          hellmonk_ecumenical_altar_run_dry, minmay_misc_feat_room,
          hangedman_glass_garden, minmay_misc_feat_cross, minmay_cupped
D:2:      layout_loops_ring, uniq_sigmund, uniq_natasha, uniq_terence
D:3:      minmay_octagon_keep, layout_basic, nemelex_diamond_rough_becter,
          hellmonk_sif_muna_bookshelves, nicolae_overflow_hidden_temple,
          mainiacjoe_overflow_alcove_4, mainiacjoe_overflow_24_doors
D:4:      layout_basic, portal_sewer_entry_a
D:5:      layout_cave_pods, lemuel_doored_altar, ebering_ghost_sewer_f,
          bh_walls_and_bars
D:6:      layout_rooms, mainiacjoe_overflow_small_starburst,
          nicolae_elevator_lobby_plus
D:7:      layout_loops_corners, minmay_temple_entry_glass,
          kennysheep_generic_room_14, uniq_joseph, uniq_pikel

Skill      XL: |  1  2  3  4 |
---------------+-------------+-----
Spellcasting   | 1 2 |  2.6
Ranged Weapons | 1 2 |  2.2
Short Blades   | 1 |  1.4
Fighting       | |  3.2
Maces & Flails | |  2.0
Dodging        | |  1.7
Stealth        | |  6.0

Action                     |  1- 3 |  4- 6 || total
---------------------------+-------+-------++-------
  Melee: Mace              |    17 |       ||    17
         Short sword       |    26 |    12 ||    38
   Fire: Sling             |    52 |     7 ||    59
Ability: Dig               |     2 |       ||     2
         Shaft Self        |     1 |       ||     1
    Use: Scroll            |     2 |       ||     2
         Potion            |       |     2 ||     2
   Stab: Distracted        |     1 |       ||     1
         Sleeping          |     1 |       ||     1
 Armour: Leather armour    |    41 |     8 ||    49
  Dodge: Dodged            |    59 |     8 ||    67

Table legend: (Time is in decaauts)
 A = Elapsed time spent in this place.
 B = Non-inter-level travel time spent in this place.
 C = Inter-level travel time spent in this place.
 D = Time resting spent in this place.
 E = Time spent auto-exploring this place.
 F = Levels seen in this place.
 G = Mean time per level.
                   A        B        C        D        E       F      G
               +--------+--------+--------+--------+--------+-----+--------+
         Total |   1881 |   1792 |     89 |    213 |    974 |   7 |  268.7 |
       Dungeon |   1881 |   1792 |     89 |    213 |    974 |   7 |  268.7 |
               +--------+--------+--------+--------+--------+-----+--------+

Top non-repeatable levels by time:
     D:1: 1108 daAuts
     D:3: 290 daAuts
     D:6: 154 daAuts
     D:2: 153 daAuts
     D:7: 103 daAuts
     D:4: 53 daAuts
     D:5: 18 daAuts
